 Dungeon Crawl Stone Soup version 0.28-a0-479-g5baa6b73be (webtiles) character file.

Game seed: 15764883361155693004

148 Dabor the Skirmisher (level 5, -3/42 HPs)
             Began as a Formicid Abyssal Knight on Sept 19, 2021.
             Was a Follower of Lugonu.
             Slain by Grinder (7 damage)
             ... on level 3 of the Dungeon.
             The game lasted 00:05:37 (2534 turns).

Dabor the Skirmisher (Formicid Abyssal Knight)      Turns: 2534, Time: 00:05:38

Health: -3/42      AC:  6    Str: 17    XL:     5   Next: 56%
Magic:  6/6        EV: 10    Int: 12    God:    Lugonu [*.....]
Gold:   118        SH:  0    Dex: 10    Spells: 4/4 levels left

rFire   . . .      SeeInvis +   j - +2 mace (vorpal)
rCold   . . .      Faith    .   (no shield)
rNeg    . . .      Spirit   .   h - +0 scale mail
rPois   .          Reflect  .   (helmet unavailable)
rElec   .          Harm     .   (no cloak)
rCorr   .          Rampage  .   (no gloves)
Will    .....                   (no boots)
Stlth   ..........              (no amulet)
HPRegen 0.14/turn               (no ring)
MPRegen 0.10/turn               (no ring)

@: flying (expiring), very slightly contaminated, invisible (expiring), unable
to read
A: permanent stasis, dig shafts and tunnels, antennae 3, four strong arms, low
mp 1, inability to read while threatened
a: Dig, Shaft Self, Renounce Religion, Depart the Abyss


You were on level 3 of the Dungeon.
You worshipped Lugonu.
Lugonu was aware of your devotion.
You visited 1 branch of the dungeon, and saw 3 of its levels.
You visited the Abyss 1 time.

You collected 118 gold pieces.

Inventory:

Hand Weapons
 a - a +1 spear
 j - a +2 vorpal mace (weapon)
Missiles
 l - 5 atropa-tipped darts
Armour
 b - a +0 leather armour
 d - a +0 ring mail
 h - a +0 scale mail (worn)
Jewellery
 f - a ring of resist corrosion
Scrolls
 c - a scroll of silence
 e - a scroll of identify
Potions
 o - a potion of berserk rage


   Skills:
 + Level 4.1 Fighting
 + Level 2.9 Polearms
 + Level 3.2 Armour
 + Level 2.0 Dodging
 + Level 3.3 Invocations


You had 4 spell levels left.
You didn't know any spells.
Your spell library contained the following spells:

 Spells                   Type           Power      Damage    Failure   Level
 Sandblast                Erth           0%         2d4       73%         1
 Passwall                 Tmut/Erth      0%         N/A       86%         2
 Ignite Poison            Fire/Tmut/Pois 0%         N/A       97%         3
 Mephitic Cloud           Conj/Pois/Air  0%         N/A       97%         3
 Stone Arrow              Conj/Erth      0%         3d7       97%         3
 Freezing Cloud           Conj/Ice/Air   0%         6-21      100%        5


Dungeon Overview and Level Annotations

Branches:
Dungeon (3/15)

Altars:

Shops:
D:1 =

Annotations:
D:3 1 transporter, Grinder


Innate Abilities, Weirdness & Mutations

You cannot be hasted, slowed, berserked, paralysed or teleported.
You can dig through walls and to a lower floor.
You have a pair of large antennae on your head. (SInv)
Your four strong arms can wield two-handed weapons with a shield.
Your magical capacity is low. (-10% MP)
You sometimes lose the ability to read scrolls when taking damage.


Message History

You thump Grinder!
Grinder is moderately wounded.
Grinder hits you!
You feel threatened and lose the ability to read scrolls!
You writhe in agony.
Grinder gestures at you. You resist with significant effort.
You hit Grinder.
Grinder is heavily wounded.
Grinder barely misses you.
You hit Grinder.
Grinder is heavily wounded.
Grinder gestures at you.
Your stasis prevents you from being paralysed.
Grinder gestures at you. Pain shoots through your body!
* * * LOW HITPOINT WARNING * * *
Okay, then.
You cannot read scrolls in your current state!
You sock Grinder!
Grinder is severely wounded.
Grinder hits you but does no damage.
You barely miss Grinder.
Grinder is severely wounded.
Grinder barely misses you.
You barely miss Grinder.
Grinder is severely wounded.
Grinder gestures at you. Pain shoots through your body!
* * * LOW HITPOINT WARNING * * *
Grinder closely misses you.
You hit Grinder.
Grinder is almost dead.
Grinder says, "I used to sell toenails on the black market."
Grinder barely misses you.
You hit Grinder.
Grinder is almost dead.
You are starting to lose your buoyancy.
You flicker for a moment.
Grinder hits you!
You die...

#.. #.. #.. .. #.#
# ..#.#
#(#######.##.#
#...5@.......#
########...###
.......'...+
########...#
####...#####
#...........
#.##########
#.#8≈#o5....
########.#P.#≈≈≈≈≈≈


You could see Grinder.

Vanquished Creatures
  Natasha (thrice) (D:2)
  2 adders (D:2)
  2 worms (D:2)
  3 dart slugs (D:1)
  3 ball pythons
  4 endoplasms
  5 giant cockroaches
  3 goblins
  4 hobgoblins
  2 quokkas
  2 bats
  3 frilled lizards
  4 kobolds
  7 rats
47 creatures vanquished.

Vanquished Creatures (others)
  6 demonic plants (D:3)
  3 fungi (D:3)
  2 starspawn tentacles (Abyss:2)
  4 withered plants (D:3)
15 creatures vanquished.

Grand Total: 62 creatures vanquished

Notes
Turn   | Place    | Note
-------+----------+-------------------------------------------
     0 | Abyss:1  | Dabor the Formicid Abyssal Knight began the quest for the
                  | Orb.
     0 | Abyss:1  | Reached XP level 1. HP: 18/18 MP: 2/2
    49 | Abyss:2  | Found a corrupted altar of Lugonu.
    76 | Abyss:2  | Noticed a tentacled starspawn
    93 | D:1      | Escaped the Abyss
   202 | D:1      | Reached skill level 1 in Dodging
   210 | D:1      | Reached XP level 2. HP: 12/24 MP: 3/3
   266 | D:1      | Reached * piety under Lugonu
   615 | D:1      | Found Neffej's Jewellery Shoppe.
   690 | D:1      | Reached XP level 3. HP: 29/29 MP: 4/4
  1477 | D:2      | Noticed Natasha
  1484 | D:2      | Killed Natasha
  1485 | D:2      | Reached XP level 4. HP: 30/37 MP: 6/6
  1609 | D:2      | Noticed Natasha
  1618 | D:2      | Killed Natasha
  1619 | D:2      | Reached XP level 5. HP: 24/42 MP: 7/7
  1622 | D:2      | Noticed Natasha
  1628 | D:2      | Killed Natasha
  1629 | D:2      | Reached skill level 4 in Fighting
  2460 | D:3      | Found a transporter.
  2493 | D:3      | Noticed Grinder
  2524 | D:3      | Gained mutation: You sometimes lose the ability to read
                  | scrolls when taking damage. [potion of mutation]
  2524 | D:3      | Gained mutation: Your magical capacity is low. (-10% MP)
                  | [potion of mutation]
  2534 | D:3      | Slain by Grinder

Illustrated notes

Levels and vault maps discovered:
D:1:      saegor_arrival_simple_a, layout_loops_cross, serial_shops, shop
D:2:      layout_loops_corners, minmay_crystal_room, palyth_stone_intersect,
          minmay_liquid_box, uniq_natasha
D:3:      gammafunk_wand_slinger, layout_basic, tso_metal_star,
          general_overflow_altar, shapermc_ecumenical_altar_gd,
          grunt_decor_one_mirror, grunt_ministairs_4,
          wad_floor_pattern_untrapped, corexii_leaking_fountain, uniq_grinder

Skill      XL: |  1  2  3  4  5 |
---------------+----------------+-----
Dodging        | 1 2 |  2.0
Invocations    | 3 |  3.3
Armour         | 3 |  3.2
Fighting       | 4 |  4.1
Polearms       | |  2.9

Action                   |  1- 3 |  4- 6 || total
-------------------------+-------+-------++-------
Melee: Spear             |    33 |       ||    33
       Mace              |    59 |    57 ||   116
Invok: Depart the Abyss  |     1 |       ||     1
  Use: Potion            |       |     6 ||     6
       Scroll            |       |     5 ||     5
Armor: Scale mail        |    40 |    24 ||    64
Dodge: Dodged            |    50 |    26 ||    76

Table legend: (Time is in decaauts)
 A = Elapsed time spent in this place.
 B = Non-inter-level travel time spent in this place.
 C = Inter-level travel time spent in this place.
 D = Time resting spent in this place.
 E = Time spent auto-exploring this place.
 F = Levels seen in this place.
 G = Mean time per level.
                   A        B        C        D        E       F      G
               +--------+--------+--------+--------+--------+-----+--------+
         Total |   2578 |   2539 |     39 |    306 |   1715 |   5 |  515.6 |
       Dungeon |   2485 |   2446 |     39 |    306 |   1715 |   3 |  828.3 |
         Abyss |     92 |     92 |      0 |      0 |      0 |   2 |   46.0 |
               +--------+--------+--------+--------+--------+-----+--------+

Top non-repeatable levels by time:
     D:2: 1388 daAuts
     D:1: 964 daAuts
     D:3: 132 daAuts
 Abyss:1: 49 daAuts
 Abyss:2: 43 daAuts
